 Dungeon Crawl Stone Soup version 0.25.1-2-g60ff931df9 (webtiles) character file.

Game seed: 3952589911640770657

243 HawFromDerth the Conjurer (level 5, -15/28 HPs)
             Began as a Deep Elf Conjurer on Sept 22, 2020.
             Killed from afar by a raiju (25 damage)
             ... with a living lightning
             ... on level 1 of the Abyss.
             The game lasted 00:08:11 (3134 turns).

HawFromDerth the Conjurer (Deep Elf Conjurer)       Turns: 3134, Time: 00:08:12

Health: -15/28     AC:  3    Str:  5      XL:     5   Next: 82%
Magic:  14/14      EV: 13    Int: 17 (19) God:
Gold:   91         SH:  0    Dex: 15      Spells: 11/14 levels left

rFire    . . .     SeeInvis .   (no weapon)
rCold    . . .     Gourm    .   (no shield)
rNeg     . . .     Faith    .   a - +0 robe
rPois    .         Spirit   .   (no helmet)
rElec    .         Reflect  .   i - +0 cloak {MR+}
rCorr    .         Harm     .   (no gloves)
MR       +....     Clarity  +   (no boots)
Stlth    ++........             (no amulet)
HPRegen  0.09/turn              (no ring)
MPRegen  0.14/turn              (no ring)

@: no status effects
A: clarity, dopey 1
a: no special abilities


You were on level 1 of the Abyss.
You were near starving.

You visited 1 branch of the dungeon, and saw 3 of its levels.
You visited the Abyss 1 time.

You collected 91 gold pieces.

Inventory:

Armour
 a - a +0 robe (worn)
 i - a +0 cloak of magic resistance (worn)
Scrolls
 f - 2 scrolls of remove curse
 l - 3 scrolls of identify
 m - a scroll of fog
Potions
 d - a potion of degeneration
 h - a potion of heal wounds
 j - a potion of stabbing
Comestibles
 c - 5 rations


   Skills:
 + Level 3.0 Dodging
 + Level 3.4 Stealth
 + Level 5.2 Spellcasting
 + Level 6.3 Conjurations


You had 11 spell levels left.
You knew the following spells:

 Your Spells              Type           Power        Failure   Level  Hunger
a - Magic Dart            Conj           ####         1%          1    None
b - Searing Ray           Conj           ####..       1%          2    #......

Your spell library contained the following spells:

 Spells                   Type           Power        Failure   Level  Hunger
 Dazzling Flash           Conj/Hex       ###...       12%         3    ###....
 Fulminant Prism          Conj/Hex       ###.......   36%         4    ####...
 Iskenderun's Mystic Bla  Conj/Tloc      ###.....     36%         4    ####...


Dungeon Overview and Level Annotations

Branches:
Dungeon (3/15)

Altars:


Innate Abilities, Weirdness & Mutations

You possess an exceptional clarity of mind.
You are dopey. (Int -2)


Message History

You feel weaker. The neqoxec gestures at you.
Strange energies course through your body.
You feel stupid. The neqoxec gestures at you.
You feel dopey. Something feeds on your intellect! The neqoxec gestures at you.
You feel dopey. Something feeds on your intellect!
A raiju comes into view.
The raiju barks!
The raiju bursts into living lightning!
The living lightning hits you!!
Ouch! That really hurt!
The raiju blinks!
The raiju bursts into living lightning!
The living lightning hits you!!
Ouch! That really hurt!
You die...

#.........# #.#.
.....## #.# ..#.# .
##. ...#.#..... .. ..#
....##....# .#ยง#..
##..#
#..#########.....
.......#......##..#..#
.......#. ..#......#
.......#..###.h...##
..#....##. #...@.#
..... #.####......#
.....#.## #......#
.......# #.......#
.... ..# #.......#.#
.......# ##.....####
#'#. ## #.....# #. ..#
####### .#.. #.# .


You could see a raiju.

Vanquished Creatures
  The ghost of Somiz the Insei, an amateur OpTm (D:3)
  A big kobold (D:3)
  2 adders
  A worm (D:2)
  A giant cockroach (D:3)
  9 jackals
  5 kobolds
  2 quokkas (D:3)
  5 bats
  5 frilled lizards
  3 goblins
  5 rats
40 creatures vanquished.

Notes
Turn   | Place    | Note
-------+----------+-------------------------------------------
     0 | D:1      | HawFromDerth the Deep Elf Conjurer began the quest for the
                  | Orb.
     0 | D:1      | Reached XP level 1. HP: 10/10 MP: 6/6
   805 | D:2      | Reached XP level 2. HP: 15/15 MP: 0/8
  1231 | D:2      | Reached skill level 5 in Conjurations
  1481 | D:2      | Reached XP level 3. HP: 19/19 MP: 6/9
  1891 | D:3      | Learned a level 2 spell: Searing Ray
  2301 | D:3      | Found a faded altar of an unknown god.
  2567 | D:3      | Found a runed translucent gate.
  2567 | D:3      | Found a runed translucent gate.
  2567 | D:3      | Identified the +10 short sword of Ascent {elec, rElec Dex+6
                  | SInv}
  2567 | D:3      | Noticed Somiz's ghost (amateur OpTm)
  2568 | D:3      | Found a runed translucent gate.
  2568 | D:3      | Noticed a big kobold
  2936 | D:3      | Gained mutation: Your muscles are strong. (Str +2) [potion
                  | of mutation]
  2936 | D:3      | Gained mutation: You possess an exceptional clarity of
                  | mind. [potion of mutation]
  2971 | D:3      | Killed Somiz's ghost
  2971 | D:3      | Reached skill level 6 in Conjurations
  2971 | D:3      | Reached XP level 4. HP: 11/24 MP: 3/12
  2971 | D:3      | Reached XP level 5. HP: 13/28 MP: 3/14
  2971 | D:3      | Reached skill level 5 in Spellcasting
  2978 | D:3      | Cast into level 1 of the Abyss (kobold)
  2990 | Abyss:1  | Found a hazy altar of Hepliaklqana.
  3075 | Abyss:1  | Noticed a large abomination
  3085 | Abyss:1  | Noticed a neqoxec
  3090 | Abyss:1  | Lost mutation: Your muscles are strong. (Str +2) [a
                  | neqoxec]
  3092 | Abyss:1  | Gained mutation: You are dopey. (Int -2) [a neqoxec]
  3131 | Abyss:1  | Noticed a raiju
  3134 | Abyss:1  | Killed from afar by a raiju

Illustrated notes

Levels and vault maps discovered:
D:1:      minmay_arrival_semitransparent, layout_basic
D:2:      layout_loops_corners
D:3:      layout_basic, chequers_ecumenical_altar_lobes,
          gammafunk_ghost_nasty_kobolds
Abyss:1:  base:
D:1

Skill      XL: |  1  2  3  4  5 |
---------------+----------------+-----
Conjurations   | 5 6 |  6.3
Stealth        | 3 |  3.4
Spellcasting   | 4 5 |  5.2
Dodging        | 3 |  3.0

Action                   |  1- 3 |  4- 6 || total
-------------------------+-------+-------++-------
Melee: Unarmed           |     1 |       ||     1
 Cast: Magic Dart        |    66 |     9 ||    75
       Searing Ray       |     6 |       ||     6
  Use: Scroll            |     6 |       ||     6
       Potion            |     5 |     2 ||     7
  Eat: Chunk             |     5 |       ||     5
Armor: Robe              |     5 |     1 ||     6
Dodge: Dodged            |    17 |     6 ||    23
